 Dungeon Crawl Stone Soup version 0.29.1-2-gbd0b4ee654 (webtiles) character file.

Game seed: 3558825507564531271

9 Descartes the Trooper (level 2, 0/16 HPs)
             Began as a Spriggan Wanderer on Nov 19, 2022.
             Slain by a kobold
             ... wielding a +0 short sword
              (1 damage)
             ... on level 1 of the Dungeon.
             The game lasted 00:00:45 (419 turns).

Descartes the Trooper (Spriggan Wanderer)            Turns: 419, Time: 00:00:46

Health: 0/16       AC:  2    Str: 11    XL:     2   Next: 3%
Magic:  5/5        EV: 16    Int: 13    God:
Gold:   10         SH:  0    Dex: 11    Spells: 4/4 levels left

rFire   . . .      SeeInvis +   a - +0 dagger
rCold   . . .      Faith    .   (no shield)
rNeg    . . .      Spirit   .   f - +0 robe
rPois   .          Reflect  .   (helmet restricted)
rElec   .          Harm     .   (no cloak)
rCorr   .          Rampage  .   (gloves unavailable)
Will    .....                   (boots unavailable)
Stlth   +.........              (no amulet)
HPRegen 0.05/turn               (no ring)
MPRegen 0.09/turn               (no ring)

@: very quick
A: very small, no large weapons, unfitting armour, see invisible, speed 3
a: no special abilities


You were on level 1 of the Dungeon.
You visited 1 branch of the dungeon, and saw 1 of its levels.

You collected 10 gold pieces.

Inventory:

Hand Weapons
 a - a +0 dagger (weapon)
Missiles
 c - 8 poisoned darts (quivered)
Armour
 f - a +0 robe (worn)
Scrolls
 b - 2 scrolls of teleportation
 d - 2 scrolls of fear
 g - a scroll of noise {unknown}
Potions
 e - a potion of attraction


   Skills:
 - Level 3.2 Fighting
 + Level 0.5 Short Blades
 - Level 2.0 Throwing
 + Level 1.7 Dodging
 + Level 1.1 Stealth
 - Level 1.5 Unarmed Combat
 + Level 1.7 Spellcasting
 + Level 0.2 Conjurations


You had 4 spell levels left.
You didn't know any spells.
Your spell library was empty.

Dungeon Overview and Level Annotations

Branches:
Dungeon (1/15)

Altars:


Innate Abilities, Weirdness & Mutations

You are very small and have problems with some larger weapons.
You are too small for most types of armour.
You have supernaturally acute eyesight. (SInv)
You cover ground extremely quickly. (Speed+++)


Message History

You hit the dart slug.
The dart slug is moderately wounded.
You hit the dart slug.
The dart slug is severely wounded.
The kobold closely misses you. The dart slug launches a dart at you.
The slug dart hits you.
You hit the dart slug.
You kill the dart slug!
The kobold barely misses you.
Your Stealth skill increases to level 1!
You hit the kobold but do no damage. The kobold completely misses you.
You hit the kobold but do no damage. The kobold completely misses you.
The kobold hits you with a +0 dagger.
* * * LOW HITPOINT WARNING * * *
You are too injured to fight recklessly!
You are too injured to fight recklessly!
There are monsters nearby!
The kobold throws a stone.
The stone misses you.
The kobold throws a stone.
The stone closely misses you.
The kobold throws a stone.
The stone barely misses you.
You hit the kobold.
You kill the kobold!
You have reached level 2!
Things that are here:
a +0 dagger; 5 stones; a kobold corpse You hit the kobold but do no damage.
The kobold barely misses you.
You closely miss the kobold. The kobold misses you.
You hit the kobold but do no damage.
The kobold hits you with a +0 short sword.
* * * LOW HITPOINT WARNING * * *
You hit the kobold but do no damage. The kobold misses you.
You hit the kobold.
The kobold is severely wounded.
The kobold hits you with a +0 short sword.
* * * LOW HITPOINT WARNING * * *
You hit the kobold but do no damage.
The kobold is severely wounded.
The kobold hits you with a +0 short sword.
You die...

...#.......# .
....>!.... #######
~.##....... #.....#
~~... #..######.###.#
~#
#~....#.......#...#.#
~~
#.....#........##.#.#
. #...)...>..#.##.#.#
###.#K######....#.#
...#@# ######.# # ###
#.# #.....# ##+++##
##.##### #.#######
~...~.~
#......###........
.####.
#................. .#
#......########### .#
. #......# .# ..
#......# .#####.. ...
#......#


You could see a kobold.

Vanquished Creatures
  A dart slug (D:1)
  A ball python (D:1)
  A kobold (D:1)
  A quokka (D:1)
  A frilled lizard (D:1)
  A goblin (D:1)
  A rat (D:1)
7 creatures vanquished.

Notes
Turn   | Place    | Note
-------+----------+-------------------------------------------
     0 | D:1      | Descartes the Spriggan Wanderer began the quest for the
                  | Orb.
     0 | D:1      | Descartes set off with the following items: a +0 dagger, a
                  | scroll of teleportation, 8 poisoned darts, 2 scrolls of
                  | fear, a potion of attraction, a +0 robe.
     0 | D:1      | Reached XP level 1. HP: 12/12 MP: 3/3
   403 | D:1      | Reached skill level 1 in Stealth
   413 | D:1      | Reached XP level 2. HP: 4/16 MP: 5/5
   419 | D:1      | Slain by a kobold

Illustrated notes

Levels and vault maps discovered:
D:1:      dpeg_arrival_shelter, layout_basic,
          dreamdust_ecumenical_altar_drowned_temple, nicolae_titane

Skill      XL: |  1 |
---------------+----+-----
Stealth        | 1 |  1.1
Fighting       | |  3.2
Short Blades   | |  0.5
Throwing       | |  2.0
Dodging        | |  1.7
Unarmed Combat | |  1.5
Spellcasting   | |  1.7
Conjurations   | |  0.2

Action                   || total
-------------------------++-------
Melee: Dagger            ||    41
Armor: Robe              ||     4
Dodge: Dodged            ||    32
